 Dungeon Crawl Stone Soup version 0.25-a0-294-gea9b1ad378 (webtiles) character file.

Game seed: 16224402532461226311, levelgen mode: deterministic

42 Anathary the Chopper (level 3, 0/27 HPs)
             Began as a Demonspawn Gladiator on Dec 17, 2019.
             Slain by a worm (5 damage)
             ... on level 3 of the Dungeon.
             The game lasted 00:04:09 (2206 turns).

Anathary the Chopper (Demonspawn Gladiator)         Turns: 2206, Time: 00:04:10

Health: 0/27       AC:  7    Str: 15    XL:     3   Next: 33%
Magic:  3/3        EV: 13    Int:  9    God:
Gold:   163        SH:  0    Dex: 14    Spells: 2/2 levels left

rFire    . . .     SeeInvis .   a - +0 war axe
rCold    . . .     Gourm    .   (no shield)
rNeg     . . .     Faith    .   b - +0 leather armour
rPois    .         Spirit   .   c - +0 helmet
rElec    .         Reflect  .   (no cloak)
rCorr    .         Harm     .   (no gloves)
MR       .....                  p - +0 pair of boots
Stlth    +.........             (no amulet)
HPRegen  0.09/turn              (no ring)
MPRegen  0.08/turn              (no ring)

@: no status effects
A: icy blue scales 1
a: no special abilities


You were on level 3 of the Dungeon.
You were not hungry.

You visited 1 branch of the dungeon, and saw 3 of its levels.

You collected 163 gold pieces.

Inventory:

Hand Weapons
 a - a +0 war axe (weapon)
 x - a +3 dagger
Missiles
 d - 3 throwing nets (quivered)
Armour
 b - a +0 leather armour (worn)
 c - a +0 helmet (worn)
 p - a +0 pair of boots (worn)
Jewellery
 l - a +3 ring of protection {unknown}
 n - an uncursed amulet of magic regeneration {unknown}
 r - an uncursed ring of wizardry {unknown}
Scrolls
 e - a scroll of fog {unknown}
 g - 3 scrolls of enchant weapon {unknown}
 i - a scroll of remove curse {unknown}
 k - 5 scrolls of identify {unknown}
 q - 2 scrolls of immolation {unknown}
 s - a scroll of blinking {unknown}
 t - a scroll of magic mapping {unknown}
Potions
 f - a potion of invisibility {unknown}
 h - a potion of haste {unknown}
 j - a potion of curing {unknown}
 m - a potion of heal wounds {unknown}
 o - a potion of flight {unknown}
 v - 2 potions of resistance {unknown}
 w - a potion of degeneration {unknown}
Comestibles
 u - 2 rations


   Skills:
 + Level 2.2 Fighting
 + Level 3.3 Axes
 + Level 1.9 Throwing
 + Level 0.9 Armour
 + Level 3.0 Dodging
 + Level 0.2 Stealth


You had 2 spell levels left.
You didn't know any spells.
Your spell library was empty.

Dungeon Overview and Level Annotations

Branches:
Dungeon (3/15)

Altars:
Gozag


Innate Abilities, Weirdness & Mutations

You are partially covered in icy blue scales. (AC +2)


Message History

You barely miss the goblin. The goblin closely misses you. x2
You slash the goblin!
You kill the goblin!
The goblin barely misses you. The worm bites you.
You see here a goblin corpse.
You hit the worm but do no damage. You closely miss the goblin.
The goblin barely misses you. x2
You hit the worm.
The worm is lightly wounded.
You barely miss the goblin. The worm bites you!
The goblin hits you but does no damage.
You hit the worm but do no damage.
The worm is lightly wounded.
You slash the goblin!
You kill the goblin!
The worm bites you!
* * * LOW HITPOINT WARNING * * *
You barely miss the worm. The worm bites you.
You die...

#.. #......# #....
###.####......#####)...
#!.....................
#......................
#.....................#
#........$............#
#.....................#
#......................
#.....@................
#.....w)..>............
#.....................#
#.....................#
#.....................#
#...................รท.#
#.....................#
#.....................#
..............#


You could see a worm.

Vanquished Creatures
  A worm (D:2)
  A leopard gecko (D:3)
  An orc (D:3)
  3 bats (D:1)
  A giant cockroach (D:1)
  4 goblins
  4 hobgoblins
  4 jackals (D:3)
  6 kobolds
  3 frilled lizards
  6 rats
34 creatures vanquished.

Notes
Turn   | Place    | Note
-------+----------+-------------------------------------------
     0 | D:1      | Anathary the Demonspawn Gladiator began the quest for the
                  | Orb.
     0 | D:1      | Reached XP level 1. HP: 16/16 MP: 1/1
   425 | D:1      | Gained mutation: You are partially covered in icy blue
                  | scales. (AC +2) [demonic ancestry]
   425 | D:1      | Reached XP level 2. HP: 22/22 MP: 2/2
  1220 | D:2      | Found an opulent altar of Gozag.
  1799 | D:3      | Reached XP level 3. HP: 23/27 MP: 3/3
  2206 | D:3      | Slain by a worm

Levels and vault maps discovered:
D:1:      dpeg_arrival_castle, layout_basic, minmay_pentomino_r2
D:2:      layout_loops_corners, old_standard_altar, eino_curves_03,
          roderic_filled_cross
D:3:      layout_basic, first_ration, minivault_5, minmay_misc_feat_doors

Skill      XL: |  1  2  3 |
---------------+----------+-----
Axes           | 3 |  3.3
Dodging        | 3 |  3.0
Fighting       | |  2.2
Throwing       | |  1.9
Armour         | |  0.9
Stealth        | |  0.2

Action                   || total
-------------------------++-------
Melee: War axe           ||   110
  Eat: Ration            ||     2
Armor: Leather armour    ||    40
Dodge: Dodged            ||    90

Table legend:
 A = Non-vault XP
 B = Vault XP
 C = Vault XP percentage of total XP
 D = Non-vault monster count
 E = Vault monster count
 F = Vault count percentage of total count
                 A         B        C        D         E       F
            +---------+---------+-------+---------+---------+-------
      Total |      56 |       4 |   6.7 |      32 |       2 |   5.9
            +---------+---------+-------+---------+---------+-------
        D:1 |      23 |       4 |  14.8 |      16 |       2 |  11.1
        D:2 |      10 |       0 |   0.0 |       4 |       0 |   0.0
        D:3 |      23 |       0 |   0.0 |      12 |       0 |   0.0
            +---------+---------+-------+---------+---------+-------
